 Dungeon Crawl Stone Soup version 0.24.0-13-gcf9b319 (webtiles) character file.

Game seed: 4854135546697163833, levelgen mode: deterministic

1561 Ajohnson the Skirmisher (level 8, -5/64 HPs)
             Began as a Demonspawn Gladiator on Dec 1, 2019.
             Slain by an orc warrior
             ... wielding a +0 dire flail
              (13 damage)
             ... on level 6 of the Dungeon.
             The game lasted 00:14:40 (6943 turns).

Ajohnson the Skirmisher (Demonspawn Gladiator)      Turns: 6943, Time: 00:14:40

Health: -5/64      AC:  4    Str: 15    XL:     8   Next: 58%
Magic:  8/8        EV: 15    Int: 17    God:
Gold:   271        SH:  5    Dex: 14    Spells: 7/7 levels left

rFire    + . .     SeeInvis .   j - +3 spear
rCold    + . .     Gourm    .   e - +0 buckler (curse)
rNeg     . . .     Faith    .   b - +0 leather armour
rPois    +         Spirit   .   r - +0 helmet
rElec    .         Reflect  .   n - scarf {rC+ rF+}
rCorr    .         Harm     .   (no gloves)
MR       .....                  (no boots)
Stlth    +.........             (no amulet)
HPRegen  0.20/turn              G - +5 ring of intelligence
MPRegen  0.11/turn              s - ring of poison resistance

@: no status effects
A: powered by death 1, powered by pain 1, sturdy frame 1
a: no special abilities


You were on level 6 of the Dungeon.
You were not hungry.

You visited 2 branches of the dungeon, and saw 8 of its levels.

You collected 328 gold pieces.
You spent 57 gold pieces at shops.

Inventory:

Hand Weapons
 a - a +0 trident
 j - a +3 spear (weapon)
 l - a +1 vampiric spear
Missiles
 d - 3 throwing nets (quivered)
Armour
 b - a +0 leather armour (worn)
 e - a cursed +0 buckler (worn)
 n - a scarf of resistance (worn)
 r - a +0 helmet (worn)
Jewellery
 s - a ring of poison resistance (right hand)
 F - an uncursed amulet of the gourmand {unknown}
 G - a +5 ring of intelligence (left hand)
Scrolls
 h - 2 scrolls of enchant armour {unknown}
 i - 2 scrolls of noise
 m - 2 scrolls of immolation {unknown}
 o - a scroll of magic mapping {unknown}
 q - 6 scrolls of remove curse
 t - 3 scrolls of random uselessness
 u - 4 scrolls of identify
 v - 2 scrolls of teleportation {unknown}
 y - a scroll of holy word {unknown}
 B - a scroll of acquirement {unknown}
 C - 2 scrolls of fear {unknown}
 D - a scroll of fog {unknown}
Potions
 g - a potion of mutation
 k - a potion of curing
 p - 3 potions of lignification
 w - a potion of resistance {unknown}
 x - a potion of brilliance {unknown}
 A - a potion of agility {unknown}
 E - a potion of cancellation {unknown}
Comestibles
 f - 7 rations


   Skills:
 + Level 6.0 Fighting
 + Level 5.9 Polearms
 - Level 1.7 Throwing
 + Level 6.0 Dodging
 + Level 3.3 Shields


You had 7 spell levels left.
You didn't know any spells.
Your spell library contained the following spells:

 Spells                   Type           Power        Failure   Level  Hunger
 Magic Dart               Conj           #...         26%         1    ##.....
 Blink                    Tloc           N/A          36%         2    ###....
 Call Imp                 Summ           #.......     36%         2    ###....
 Slow                     Hex            #.......     36%         2    ###....
 Conjure Flame            Conj/Fire      #.......     61%         3    ####...
 Mephitic Cloud           Conj/Pois/Air  #.......     61%         3    ####...


Dungeon Overview and Level Annotations

Branches:
Dungeon (7/15)             Temple (1/1) D:5

Altars:
Ashenzari
Cheibriados
Dithmenos
Elyvilon
Gozag
Nemelex Xobeh
Okawaru
Ru
Sif Muna
Trog
Uskayaw
Wu Jian
Xom
Yredelemnul
Zin
The Shining One

Shops:
D:4 *}[*

Annotations:
D:7 3 runed translucent doors


Innate Abilities, Weirdness & Mutations

You regenerate a little health from kills.
You sometimes gain a little power by taking damage.
Your movements are slightly less encumbered by armour. (ER -2)


Message History

You hit the orc warrior.
The orc warrior is almost dead.
You hit the orc warrior but do no damage.
The orc warrior is almost dead.
The orc warrior hits you with a +0 dire flail!
* * * LOW HITPOINT WARNING * * *
Evoke which item? (* to show all) (? for menu, Esc to quit)
Okay, then.
You barely miss the orc warrior.
The orc warrior is almost dead.
You block the orc warrior's attack.
You hit the orc warrior but do no damage.
The orc warrior is almost dead.
You block the orc warrior's attack.
You hit the orc warrior but do no damage.
The orc warrior is almost dead.
You closely miss the orc warrior.
The orc warrior is almost dead.
The orc warrior hits you with a +0 dire flail!
You die...

######## #######......#
#............#
#............#
#........##### ##
#........# #.
#........# #.
#........#############.
#.....@................
#......o...............
#....(...###........###
#........###.###.##....
##...#.......# #.##....
#...#'####### #.##....
#..........# #.##....
#..........# #.##....
#..........####.##....


You could see an orc warrior.

Vanquished Creatures
  Eustachio (D:6)
  Duvessa (D:6)
  2 ogres
  2 centaurs
  A necrophage (D:7)
  2 bullfrogs
  Dowan (D:6)
  4 scorpions
  A howler monkey (D:6)
  A crimson imp (D:5)
  A bullfrog zombie (D:5)
  2 hounds
  2 orc priests
  An iguana (D:6)
  4 orc wizards
  A worker ant (D:6)
  Robin (D:3)
  5 adders
  2 oozes
  An adder zombie (D:6)
  A worm (D:2)
  4 dart slugs
  4 leopard geckos
  12 orcs
  4 giant cockroaches
  10 goblins
  6 hobgoblins
  4 jackals (D:2)
  A quokka (D:2)
  3 bats
  3 frilled lizards
  11 kobolds
  A quokka skeleton (D:6)
  5 rats
105 creatures vanquished.

Notes
Turn   | Place    | Note
-------+----------+-------------------------------------------
     0 | D:1      | Ajohnson the Demonspawn Gladiator began the quest for the
                  | Orb.
     0 | D:1      | Reached XP level 1. HP: 16/16 MP: 1/1
   245 | D:1      | Gained mutation: Your movements are slightly less
                  | encumbered by armour. (ER -2) [demonic ancestry]
   245 | D:1      | Reached XP level 2. HP: 10/22 MP: 2/2
   939 | D:1      | Reached XP level 3. HP: 28/28 MP: 3/3
  1503 | D:3      | Reached XP level 4. HP: 34/34 MP: 4/4
  1532 | D:3      | Noticed Robin
  1557 | D:3      | Killed Robin
  2000 | D:3      | Reached XP level 5. HP: 12/41 MP: 5/5
  2756 | D:4      | Found an iron altar of Okawaru.
  2828 | D:4      | Found Foeres's Armour Shoppe.
  2829 | D:4      | Found Zeoxt's Assorted Antiques.
  2834 | D:4      | Found Ubapall's Assorted Antiques.
  2837 | D:4      | Found Oloheov's Gadget Shoppe.
  2853 | D:4      | Bought a scroll labeled ANUJIUF UCRUA for 19 gold pieces
  2853 | D:4      | Bought a scroll labeled XOUGHO ICWO for 19 gold pieces
  2853 | D:4      | Bought a scroll labeled VAUSTECSAN for 19 gold pieces
  3035 | D:4      | Found a basalt altar of Yredelemnul.
  3346 | D:4      | Gained mutation: You regenerate a little health from kills.
                  | [demonic ancestry]
  3346 | D:4      | Reached XP level 6. HP: 48/48 MP: 6/6
  3519 | D:5      | Entered Level 5 of the Dungeon
  3759 | D:5      | HP: 2/48 [centaur (2)]
  4047 | D:5      | Found a glowing silver altar of Zin.
  4442 | D:5      | Found a staircase to the Ecumenical Temple.
  4452 | Temple   | Entered the Ecumenical Temple
  4975 | D:6      | Reached XP level 7. HP: 55/55 MP: 7/7
  5018 | D:6      | Reached skill level 5 in Dodging
  5018 | D:6      | Reached skill level 1 in Shields
  5177 | D:6      | Noticed Dowan
  5250 | D:6      | Reached skill level 5 in Polearms
  5322 | D:6      | Reached skill level 5 in Fighting
  5626 | D:6      | Noticed Eustachio
  5660 | D:6      | Killed Eustachio
  5660 | D:6      | Gained mutation: You sometimes gain a little power by
                  | taking damage. [demonic ancestry]
  5660 | D:6      | Reached XP level 8. HP: 55/63 MP: 8/8
  5766 | D:6      | Noticed Duvessa
  5787 | D:6      | Killed Dowan
  6124 | D:6      | Killed Duvessa
  6664 | D:7      | Found a runed translucent gate.
  6664 | D:7      | Found a runed translucent gate.
  6664 | D:7      | Found a runed translucent gate.
  6943 | D:6      | Slain by an orc warrior

Levels and vault maps discovered:
D:1:      dpeg_arrival_round_c, layout_basic
D:2:      layout_basic, chequers_temple_overflow_statue_of_worship,
          first_ration, minmay_pentomino_o4
D:3:      layout_loops_ring, uniq_robin
D:4:      minmay_wonky_spiral, layout_loops_ring, kennysheep_little_box,
          nicolae_overflow_crystal_walls, hangedman_decor_peaks_small,
          dk_noncrumbling_4, minmay_shop_grid_forest
D:5:      layout_layer_cave, lemuel_round_altar, minmay_temple_entry_glass
D:6:      layout_basic, uniq_duvessa, uniq_eustachio
D:7:      layout_rooms, old_standard_altar, gammafunk_ghost_cemetery,
          grunt_ogre_cave, minmay_misc_feat_enclosed
Temple:   dshaligram_water_room_temple

Skill      XL: |  1  2  3  4  5  6  7  8 |
---------------+-------------------------+-----
Dodging        | 3 4 5 6 |  6.0
Polearms       | 3 4 5 |  5.9
Fighting       | 3 4 5 6 |  6.0
Shields        | 2 3 |  3.3
Throwing       | |  1.7

Action                   |  1- 3 |  4- 6 |  7- 9 || total
-------------------------+-------+-------+-------++-------
Melee: Trident           |    45 |       |       ||    45
       Spear             |   112 |   272 |   267 ||   651
  Use: Scroll            |       |     6 |       ||     6
       Potion            |       |     4 |     2 ||     6
 Stab: Sleeping          |     1 |     2 |       ||     3
       Distracted        |       |       |     1 ||     1
  Eat: Chunk             |     2 |     6 |     1 ||     9
       Ration            |       |     2 |     1 ||     3
Armor: Leather armour    |    34 |    29 |    21 ||    84
       Skin              |       |    10 |       ||    10
Dodge: Dodged            |    86 |   122 |    96 ||   304
Block: Buckler           |       |       |    32 ||    32
